Map: Chantier naval orbital

Players

AgCl

  • Race: Protoss Protoss

IIIIIIIIIIII - Winner!

  • Race: Terran Terran

VOD

Have the link to the VOD?

Description

Time

  • Played on: May 19, 2015, 7:39 p.m.
  • Length: 11:51
Show
View Real Time Build Order
Export as new Build Order

AgCl Protoss 

Build Orders: Oracle Opening, Oracle Opening 

Get SALT Encoding   

  13  0:12  Pylon  
  13  0:13  Probe  
  13  0:22  Assimilator  
  13  0:25  Probe  
  14  0:41  Gateway  
  15  0:42  Probe (Chrono Boost)  
  15  0:55  Probe (Chrono Boost)  
  17  1:04  Probe (Chrono Boost)  
  17  1:07  Pylon  
  17  1:12  Probe  
  18  1:24  Probe  
  19  1:30  Cybernetics Core  
  19  1:32  Zealot (Chrono Boost)  
  21  1:36  Probe  
  22  1:44  Assimilator  
  22  1:48  Probe  
  23  2:00  Probe (Chrono Boost)  
  24  2:12  Probe (Chrono Boost)  
  24  2:13  Stargate  
  25  2:20  Probe  
  25  2:33  Probe  
  24  2:45  Mothership Core (Chrono Boost)  
  21  3:35  Oracle (Chrono Boost)  
  21  3:37  Nexus  
  21  3:40  Probe  
  25  3:44  Warp Gate  
  25  3:52  Probe (Chrono Boost)  
  26  4:02  Probe (Chrono Boost)  
  27  4:09  Probe (Chrono Boost)  
  28  4:18  Probe (Chrono Boost)  
  29  4:26  Probe  
  30  4:42  Probe  
  30  4:52  Probe  
  29  5:01  Fleet Beacon  
  29  5:02  Probe (Chrono Boost)  
  29  5:06  Probe (Chrono Boost)  
  32  5:17  Probe (Chrono Boost)  
  32  5:18  Probe (Chrono Boost)  
  33  5:23  Probe (Chrono Boost), Nexus  
  33  5:28  Pylon  
  35  5:30  Probe (Chrono Boost)  
  35  5:34  Carrier (Chrono Boost)  
  35  5:35  Probe (Chrono Boost), Assimilator  
  36  5:40  Probe (Chrono Boost)  
  38  5:45  Probe (Chrono Boost)  
  38  5:47  Probe (Chrono Boost)  
  39  5:52  Probe (Chrono Boost)  
  46  6:02  Probe (Chrono Boost)  
  48  6:04  Probe (Chrono Boost)  
  48  6:06  Assimilator  
  50  6:11  Probe x2 (Chrono Boost)  
  50  6:16  Graviton Catapult  
  50  6:18  Protoss Air Weapons Level 1  
  50  6:21  Probe  
  51  6:25  Stargate  
  51  6:29  Probe  
  51  6:31  Carrier (Chrono Boost)  
  52  6:35  Probe  
  53  6:41  Probe  
  53  6:43  Probe  
  61  6:47  Probe  
  61  6:53  Probe  
  60  6:55  Probe  
  60  6:59  Probe  
  49  7:05  Probe  
  47  7:16  Zealot  
  47  7:17  Probe  
  50  7:36  Probe  
  51  7:46  Nexus  
  51  7:54  Probe  
  52  8:11  Pylon  
  52  8:13  Carrier (Chrono Boost)  
  52  8:23  Pylon  
  52  8:25  Carrier (Chrono Boost)  
  52  8:29  Probe (Chrono Boost)  
  52  8:33  Probe (Chrono Boost)  
  68  8:42  Probe (Chrono Boost)  
  68  8:44  Probe (Chrono Boost)  
  68  8:52  Probe  
  67  9:03  Probe  
  68  9:19  Twilight Council  
  68  9:20  Protoss Air Weapons Level 2 (Chrono Boost)  
  68  9:29  Probe  
  69  9:34  Nexus  
  69  9:38  Pylon  
  69  9:56  Templar Archives  
  69  9:59  Pylon, Assimilator  
  69  10:00  Probe x3  
  69  10:06  Assimilator  
  72  10:13  Carrier (Chrono Boost)  
  74  10:15  Probe (Chrono Boost)  
  74  10:16  Probe x2 (Chrono Boost)  
  74  10:20  Psionic Storm  
  75  10:27  Probe x2 (Chrono Boost)  
  78  10:28  Probe (Chrono Boost)  
  84  10:36  Probe x2  
  84  10:39  Pylon, High Templar  
  88  10:44  Gateway  
  88  10:45  Gateway  
  94  11:12  High Templar  
  96  11:21  Forge  
  96  11:25  Probe x3  
  99  11:26  Probe  
  99  11:28  Assimilator  
  99  11:32  Assimilator  
  100  11:34  Gateway  
  100  11:37  Gateway, Probe  
Show
View Real Time Build Order
Export as new Build Order

IIIIIIIIIIII Terran - Winner!

Build Orders: MMM Bio 

Get SALT Encoding   

  12  0:10  Supply Depot  
  12  0:25  Refinery  
  12  0:32  Barracks  
  12  0:47  Barracks  
  12  0:51  SCV  
  13  1:03  SCV  
  14  1:15  SCV  
  15  1:19  Reaper  
  16  1:30  SCV  
  17  1:34  Reaper  
  18  1:42  Orbital Command  
  18  1:51  Supply Depot, Reaper  
  19  2:06  Reaper  
  20  2:09  SCV  
  21  2:22  SCV  
  22  2:27  Reaper  
  23  2:34  SCV  
  23  2:44  Command Center  
  23  2:54  SCV  
  24  3:06  SCV  
  24  3:18  SCV  
  25  3:30  SCV  
  26  3:35  Barracks Reactor, Barracks Tech Lab  
  26  3:36  Missile Turret  
  26  3:40  Refinery  
  26  3:42  SCV  
  27  3:54  SCV, Missile Turret  
  27  3:55  Missile Turret  
  28  3:58  Factory, Orbital Command  
  28  3:59  Barracks  
  28  4:06  SCV, Stimpack  
  29  4:19  SCV  
  30  4:24  SCV  
  30  4:27  Marine x2  
  30  4:29  Marauder  
  30  4:31  SCV  
  35  4:36  SCV  
  36  4:43  SCV  
  36  4:45  Factory Reactor, Starport  
  36  4:47  Marine  
  36  4:48  SCV  
  36  4:50  Barracks Reactor  
  37  4:53  Refinery  
  37  4:55  SCV  
  38  5:00  SCV  
  39  5:07  SCV  
  39  5:09  Marine x2  
  39  5:12  Supply Depot, SCV  
  39  5:13  Supply Depot  
  43  5:16  Marauder  
  43  5:19  SCV  
  46  5:34  SCV x2, Medivac x2, Marine x4  
  56  5:36  Supply Depot  
  56  5:37  Marauder  
  58  5:45  Supply Depot x2  
  58  5:46  SCV x2  
  60  5:53  Marine x2  
  62  5:57  Marine x2  
  62  6:00  SCV  
  62  6:01  SCV  
  66  6:07  Combat Shields  
  66  6:10  Marauder  
  68  6:11  Marine x2, Medivac  
  68  6:13  Medivac  
  68  6:15  Marine  
  75  6:19  Refinery  
  75  6:20  Missile Turret  
  75  6:29  SCV  
  75  6:30  SCV  
  77  6:34  Marauder  
  77  6:36  Command Center  
  79  6:41  Marine x3  
  79  6:42  Marine  
  79  6:45  SCV x2  
  85  6:59  Marine  
  86  7:04  Marauder  
  86  7:05  Marine  
  86  7:14  Supply Depot  
  86  7:15  Supply Depot  
  86  7:16  SCV  
  86  7:17  SCV  
  86  7:18  Marine  
  86  7:20  Medivac  
  86  7:22  Medivac  
  86  7:27  Marauder  
  86  7:28  SCV  
  86  7:29  SCV  
  81  7:34  Starport  
  81  7:36  Barracks  
  81  7:38  Engineering Bay, Barracks  
  81  7:39  Supply Depot, Engineering Bay  
  81  7:40  SCV  
  82  7:46  SCV  
  82  7:48  Supply Depot  
  82  7:49  Supply Depot  
  82  7:50  Orbital Command  
  83  7:55  Viking x2  
  87  7:58  Marine x2  
  87  7:59  Marine  
  87  8:00  Concussive Shells  
  92  8:05  Marine  
  92  8:06  Marauder  
  92  8:08  SCV x2  
  92  8:11  Terran Infantry Weapons Level 1, Terran Infantry Armor Level 1  
  95  8:14  Supply Depot  
  95  8:16  Marine  
  95  8:19  SCV  
  97  8:20  SCV  
  97  8:21  SCV  
  97  8:22  Starport Reactor  
  97  8:26  Barracks Tech Lab  
  97  8:27  Barracks Reactor  
  99  8:28  Viking  
  99  8:29  Viking, Marine x2  
  99  8:31  SCV  
  99  8:33  SCV  
  107  8:35  SCV  
  107  8:40  Marine x2  
  107  8:41  Marauder  
  112  8:43  SCV  
  112  8:45  SCV  
  112  8:46  Supply Depot  
  105  9:01  Viking  
  105  9:02  Viking x3, Marauder  
  106  9:07  Marine x5  
  105  9:12  Armory  
  105  9:23  Barracks  
  105  9:24  Barracks  
  105  9:26  Marine, Marauder  
  105  9:27  Marine x3, Marauder  
  105  9:29  Supply Depot  
  113  9:31  Viking  
  113  9:32  Viking  
  113  9:34  SCV x2  
  119  9:43  Viking x2  
  123  9:48  Marauder x2  
  127  9:54  Marine x3  
  127  9:55  Marine  
  131  10:00  Refinery x2  
  131  10:09  Marauder x2  
  131  10:12  Barracks Tech Lab x2, Missile Turret  
  135  10:14  Marine  
  135  10:15  Viking x3  
  142  10:26  Command Center  
  142  10:31  Marauder x2  
  142  10:33  Viking  
  142  10:34  SCV x3  
  151  10:47  Viking x3  
  157  10:52  Marauder x2  
  161  10:59  Marauder  
  161  11:00  Marauder  
  165  11:09  Supply Depot  
  165  11:10  Supply Depot  
  165  11:15  Supply Depot x2  
  165  11:17  Supply Depot  
  165  11:31  Marine x8  
  181  11:34  Supply Depot  
Tags
 
Add a new tag
Caveats
  • Supply blocks, unpowered buildings, or Contaminate may cause inaccurate times.
  • Supply counts are checked every 10 seconds.